[Event "23rd Pirc Memorial GM 2020"]
[Site "Maribor"]
[Date "2020.08.11"]
[Round "2.2"]
[White "Schwabeneder, Florian"]
[Black "Morgunov, Marc"]
[Result "0-1"]
[ECO "B51"]
[WhiteElo "2431"]
[BlackElo "2341"]
[Annotator "ChessBase"]
[PlyCount "82"]
[EventDate "2020.08.10"]
[EventType "tourn"]
[EventCountry "SLO"]
[SourceTitle "playchess.com"]
[Source "ChessBase"]
[SourceQuality "1"]
[TimeControl "40/5400+30:1800+30"]

1. e4 c5 2. Nf3 d6 3. Bb5+ Nd7 4. d4 cxd4 5. Qxd4 Ngf6 6. Bg5 e6 7. Nc3 Be7 8. O-O-O O-O 9. Bxd7 Bxd7 10. Bxf6 gxf6 11. Qe3 Kh8 12. Kb1 b5 13. Nd4 b4 14. Nce2 Rg8 15. Ng3 Rc8 16. f4 Qc7 17. Qd2 a5 18. f5 e5 19. Nf3 a4 20. b3 Qc5 21. Ne1 axb3 22. cxb3 Qb5 23. Nc2 Rc3 24. Ne3 Bc6 25. Nd5 Bxd5 26. Qxd5 Qxd5 27. Rxd5 h5 28. Rd2 h4 29. Ne2 Re3 30. Nc1 Rxe4 31. Nd3 Rd4 32. Rhd1 d5 33. Nb2 Bc5 34. Nd3 Bb6 35. Ne1 Rxd2 36. Rxd2 Bd4 37. Nf3 Bc3 38. Rxd5 Rxg2 39. Nxh4 Rxh2 40. Nf3 Rf2 41. Nh4 Rf4 0-1

[Event "23rd Pirc Memorial GM 2020"]
[Site "Maribor"]
[Date "2020.08.11"]
[Round "2.3"]
[White "Subelj, Jan"]
[Black "Marn, Jan"]
[Result "1-0"]
[ECO "C54"]
[WhiteElo "2408"]
[BlackElo "2360"]
[Annotator "ChessBase"]
[PlyCount "69"]
[EventDate "2020.08.10"]
[EventType "tourn"]
[EventCountry "SLO"]
[SourceTitle "playchess.com"]
[Source "ChessBase"]
[SourceQuality "1"]
[TimeControl "40/5400+30:1800+30"]

1. e4 e5 2. Nf3 Nc6 3. Bc4 Bc5 4. O-O Nf6 5. d3 d6 6. c3 h6 7. Re1 O-O 8. h3 a6 9. Bb3 Ba7 10. Nbd2 Ne7 11. Nf1 Ng6 12. Ng3 c6 13. d4 Qc7 14. Be3 Be6 15. Bxe6 fxe6 16. dxe5 dxe5 17. Qb3 Rfe8 18. Bxa7 Rxa7 19. Rad1 c5 20. a4 b6 21. Qc4 Qc6 22. Rd2 b5 23. Qa2 Rd7 24. Rxd7 Nxd7 25. Rd1 c4 26. axb5 axb5 27. Qa7 Nf6 28. Ra1 Rd8 29. Ra6 Qd7 30. Qb6 Nf8 31. Nxe5 Qd1+ 32. Kh2 Rd2 33. Ra8 Rd6 34. Qb8 N6h7 35. Qe8 1-0

[Event "23rd Pirc Memorial GM 2020"]
[Site "Maribor"]
[Date "2020.08.11"]
[Round "2.4"]
[White "Mikhalchishin, Adrian"]
[Black "Kozul, Zdenko"]
[Result "1/2-1/2"]
[ECO "D79"]
[WhiteElo "2458"]
[BlackElo "2597"]
[Annotator "ChessBase"]
[PlyCount "34"]
[EventDate "2020.08.10"]
[EventType "tourn"]
[EventCountry "SLO"]
[SourceTitle "playchess.com"]
[Source "ChessBase"]
[SourceQuality "1"]
[TimeControl "40/5400+30:1800+30"]

1. c4 Nf6 2. Nf3 g6 3. g3 Bg7 4. Bg2 O-O 5. d4 c6 6. Nc3 d5 7. cxd5 cxd5 8. Ne5 e6 9. O-O Bd7 10. f4 Nc6 11. Be3 Ne8 12. Bf2 Nd6 13. e4 dxe4 14. Nxe4 Nxe4 15. Bxe4 Ne7 16. Qb3 Bc6 17. Qf3 Bd7 1/2-1/2

[Event "23rd Pirc Memorial GM 2020"]
[Site "Maribor"]
[Date "2020.08.12"]
[Round "3.1"]
[White "Lampert, Jonas"]
[Black "Mohr, Georg"]
[Result "1-0"]
[ECO "E92"]
[WhiteElo "2531"]
[BlackElo "2434"]
[Annotator "ChessBase"]
[PlyCount "71"]
[EventDate "2020.08.10"]
[EventType "tourn"]
[EventCountry "SLO"]
[SourceTitle "playchess.com"]
[Source "ChessBase"]
[SourceQuality "1"]
[TimeControl "40/5400+30:1800+30"]

1. d4 Nf6 2. c4 g6 3. Nc3 Bg7 4. e4 d6 5. Be2 O-O 6. Be3 c6 7. Nf3 e5 8. d5 Ng4 9. Bg5 f6 10. Bh4 c5 11. Nd2 h5 12. Nf1 Nh6 13. f3 Nf7 14. Qc2 Bh6 15. Bf2 Kg7 16. Ne3 h4 17. Bd3 Ng5 18. Ke2 h3 19. g3 Na6 20. a3 f5 21. exf5 gxf5 22. Nxf5+ Bxf5 23. Bxf5 Nxf3 24. g4 Nd4+ 25. Bxd4 cxd4 26. Ne4 Nc5 27. Nxc5 dxc5 28. g5 Bxg5 29. Rhg1 Kh8 30. Raf1 Bh6 31. Qe4 Qd6 32. Rg6 Rf6 33. Be6 d3+ 34. Qxd3 e4 35. Rxh6+ Kg7 36. Rg1+ 1-0

[Event "23rd Pirc Memorial GM 2020"]
[Site "Maribor"]
[Date "2020.08.12"]
[Round "3.3"]
[White "Marn, Jan"]
[Black "Mikhalchishin, Adrian"]
[Result "0-1"]
[ECO "D85"]
[WhiteElo "2360"]
[BlackElo "2458"]
[Annotator "ChessBase"]
[PlyCount "54"]
[EventDate "2020.08.10"]
[EventType "tourn"]
[EventCountry "SLO"]
[SourceTitle "playchess.com"]
[Source "ChessBase"]
[SourceQuality "1"]
[TimeControl "40/5400+30:1800+30"]

1. d4 Nf6 2. c4 g6 3. Nc3 d5 4. cxd5 Nxd5 5. Na4 Bg7 6. e4 Nb6 7. Be3 O-O 8. Nf3 Nxa4 9. Qxa4 c5 10. Rc1 Bd7 11. Qb3 cxd4 12. Bxd4 Bxd4 13. Nxd4 Nc6 14. Nxc6 Bxc6 15. Bd3 Qa5+ 16. Rc3 Rad8 17. O-O Rd4 18. f3 Rfd8 19. Bc4 Kf8 20. a3 Rd2 21. Rfc1 Qc5+ 22. Kh1 Qf2 23. Bf1 Rxb2 24. Qc4 Bb5 25. Qxb5 Rxb5 26. Bxb5 Rd2 27. Bf1 b5 0-1

[Event "23rd Pirc Memorial GM 2020"]
[Site "Maribor"]
[Date "2020.08.12"]
[Round "3.4"]
[White "Morgunov, Marc"]
[Black "Subelj, Jan"]
[Result "1/2-1/2"]
[ECO "C92"]
[WhiteElo "2341"]
[BlackElo "2408"]
[Annotator "ChessBase"]
[PlyCount "78"]
[EventDate "2020.08.10"]
[EventType "tourn"]
[EventCountry "SLO"]
[SourceTitle "playchess.com"]
[Source "ChessBase"]
[SourceQuality "1"]
[TimeControl "40/5400+30:1800+30"]

1. e4 e5 2. Nf3 Nc6 3. Bb5 a6 4. Ba4 Nf6 5. O-O Be7 6. Re1 b5 7. Bb3 d6 8. c3 O-O 9. h3 Bb7 10. d4 Nd7 11. Nbd2 Re8 12. Nf1 exd4 13. cxd4 Na5 14. Bc2 c5 15. Ng3 g6 16. Bf4 cxd4 17. Nxd4 Bf6 18. b3 Be5 19. Qd2 Rc8 20. Rac1 Nf6 21. Red1 Qb6 22. Nf3 Bb2 23. Rb1 Bc3 24. Qxd6 Qxd6 25. Bxd6 Nxe4 26. Nxe4 Bxe4 27. Bxe4 Rxe4 28. Rbc1 Rc6 29. Ng5 Re2 30. b4 Nb7 31. Bg3 Rc4 32. Rd7 Bd2 33. Rxc4 bxc4 34. Nf3 c3 35. Nxd2 cxd2 36. Kh2 g5 37. h4 h6 38. hxg5 hxg5 39. f4 f6 1/2-1/2

[Event "23rd Pirc Memorial GM 2020"]
[Site "Maribor"]
[Date "2020.08.12"]
[Round "3.5"]
[White "Markoja, Boris"]
[Black "Schwabeneder, Florian"]
[Result "1-0"]
[ECO "E14"]
[WhiteElo "2440"]
[BlackElo "2431"]
[Annotator "ChessBase"]
[PlyCount "151"]
[EventDate "2020.08.10"]
[EventType "tourn"]
[EventCountry "SLO"]
[SourceTitle "playchess.com"]
[Source "ChessBase"]
[SourceQuality "1"]
[TimeControl "40/5400+30:1800+30"]

1. c4 e6 2. Nf3 d5 3. e3 Nf6 4. b3 b6 5. Bb2 Bb7 6. Nc3 Nbd7 7. d4 Bd6 8. Bd3 O-O 9. O-O a6 10. Qe2 dxc4 11. bxc4 c5 12. Rfd1 Qe7 13. Nd2 Rac8 14. a4 Rfd8 15. d5 Ne5 16. e4 exd5 17. exd5 Nxd3 18. Qxd3 Re8 19. Nf3 Qd7 20. Rab1 Rb8 21. Bc1 Bc8 22. Bg5 Qf5 23. Bxf6 Qxd3 24. Rxd3 Bf5 25. Rdd1 Bxb1 26. Rxb1 gxf6 27. Kf1 f5 28. Nh4 Be5 29. Ne2 f4 30. Nf5 Kf8 31. g3 fxg3 32. hxg3 Bf6 33. f4 Re4 34. Rc1 h5 35. Kf2 Rbe8 36. Rc2 Rd8 37. Kf3 Ree8 38. Rd2 Rd7 39. d6 b5 40. axb5 axb5 41. cxb5 Ra7 42. Rc2 Ra3+ 43. Kf2 Rb3 44. d7 Rd8 45. Rxc5 Rxd7 46. Rc6 Bd8 47. Ned4 Rd3 48. Rc8 Kg8 49. Ke2 R3xd4 50. Nxd4 Rxd4 51. b6 Rb4 52. Rxd8+ Kg7 53. Rd6 Rb3 54. Kf2 f6 55. Rd7+ Kg6 56. b7 Kf5 57. Rg7 Ke4 58. Ke2 Rb2+ 59. Kd1 Kf3 60. Kc1 Rb6 61. Kd2 f5 62. Kd3 Rb4 63. Kc3 Rb5 64. Kc4 Rb1 65. Kc5 Rb2 66. Kc6 Rc2+ 67. Kd6 Rb2 68. Kc7 Rc2+ 69. Kd8 Rb2 70. Kc8 Rc2+ 71. Rc7 Rb2 72. Rc3+ Kg4 73. b8=Q Rxb8+ 74. Kxb8 h4 75. gxh4 Kxf4 76. h5 1-0

[Event "23rd Pirc Memorial GM 2020"]
[Site "Maribor"]
[Date "2020.08.12"]
[Round "4.3"]
[White "Mikhalchishin, Adrian"]
[Black "Morgunov, Marc"]
[Result "1/2-1/2"]
[ECO "E63"]
[WhiteElo "2458"]
[BlackElo "2341"]
[Annotator "ChessBase"]
[PlyCount "64"]
[EventDate "2020.08.10"]
[EventType "tourn"]
[EventCountry "SLO"]
[SourceTitle "playchess.com"]
[Source "ChessBase"]
[SourceQuality "1"]
[TimeControl "40/5400+30:1800+30"]

1. d4 Nf6 2. Nf3 g6 3. c4 Bg7 4. g3 O-O 5. Bg2 d6 6. O-O Nc6 7. Nc3 a6 8. e3 Rb8 9. Qe2 b5 10. Rd1 e6 11. e4 Nd7 12. Bg5 Qe8 13. cxb5 axb5 14. Rac1 b4 15. Na4 Nb6 16. Nxb6 Rxb6 17. Qd2 d5 18. exd5 exd5 19. Qf4 Qd7 20. Bf6 Bxf6 21. Qxf6 Nd8 22. Qf4 Ne6 23. Qe3 Qa4 24. Ne5 Qxa2 25. Nc6 Re8 26. b3 Rb5 27. Ra1 Qc2 28. Na7 Rb6 29. Nxc8 Rxc8 30. Bxd5 Rd8 31. Bc4 c5 32. Rac1 Qf5 1/2-1/2

[Event "23rd Pirc Memorial GM 2020"]
[Site "Maribor"]
[Date "2020.08.12"]
[Round "4.4"]
[White "Bratkovic, Sham"]
[Black "Marn, Jan"]
[Result "0-1"]
[ECO "D30"]
[WhiteElo "2236"]
[BlackElo "2360"]
[Annotator "ChessBase"]
[PlyCount "80"]
[EventDate "2020.08.10"]
[EventType "tourn"]
[EventCountry "SLO"]
[SourceTitle "playchess.com"]
[Source "ChessBase"]
[SourceQuality "1"]
[TimeControl "40/5400+30:1800+30"]

1. d4 d5 2. c4 e6 3. Nf3 c6 4. e3 Bd6 5. b3 Nf6 6. Bd3 O-O 7. Bb2 Nbd7 8. Nbd2 b6 9. O-O Bb7 10. Ne5 c5 11. f4 Ne4 12. cxd5 exd5 13. Nxe4 dxe4 14. Bc4 Nf6 15. Qc2 Rc8 16. Qf2 Qe7 17. Rad1 a6 18. a4 cxd4 19. exd4 Nd5 20. f5 f6 21. Ng4 b5 22. axb5 axb5 23. Bxd5+ Bxd5 24. Qe3 Rc2 25. Rf2 Rfc8 26. Rdd2 Rxb2 27. Rxb2 h5 28. Rfc2 Rxc2 29. Rxc2 hxg4 30. Qe2 Qa7 31. Qd1 Bf8 32. Rc1 Qa2 33. Qxg4 Qxb3 34. Qf4 Qd3 35. h4 Qxd4+ 36. Kh1 Qe5 37. Qg4 e3 38. h5 e2 39. Re1 Bd6 40. Qh3 Qg3 0-1

[Event "23rd Pirc Memorial GM 2020"]
[Site "Maribor"]
[Date "2020.08.14"]
[Round "7.1"]
[White "Marn, Jan"]
[Black "Mohr, Georg"]
[Result "1-0"]
[ECO "A72"]
[WhiteElo "2360"]
[BlackElo "2434"]
[Annotator "ChessBase"]
[PlyCount "45"]
[EventDate "2020.08.10"]
[EventType "tourn"]
[EventCountry "SLO"]
[SourceTitle "playchess.com"]
[Source "ChessBase"]
[SourceQuality "1"]
[TimeControl "40/5400+30:1800+30"]

1. d4 d6 2. c4 g6 3. Nc3 Bg7 4. e4 c5 5. d5 e6 6. Nf3 exd5 7. cxd5 Nf6 8. Be2 O-O 9. Be3 b5 10. e5 Ng4 11. Bg5 Qb6 12. Be7 Re8 13. exd6 c4 14. O-O Nd7 15. a4 Ba6 16. axb5 Bxb5 17. Nxb5 Qxb5 18. Nd4 Qxb2 19. Bxg4 f5 20. Nxf5 gxf5 21. Bxf5 Nf6 22. Re1 Kh8 23. Rb1 1-0

[Event "23rd Pirc Memorial GM 2020"]
[Site "Maribor"]
[Date "2020.08.14"]
[Round "7.3"]
[White "Markoja, Boris"]
[Black "Lampert, Jonas"]
[Result "1/2-1/2"]
[ECO "A14"]
[WhiteElo "2440"]
[BlackElo "2531"]
[Annotator "ChessBase"]
[PlyCount "46"]
[EventDate "2020.08.10"]
[EventType "tourn"]
[EventCountry "SLO"]
[SourceTitle "playchess.com"]
[Source "ChessBase"]
[SourceQuality "1"]
[TimeControl "40/5400+30:1800+30"]

1. c4 e6 2. Nf3 d5 3. e3 Nf6 4. b3 Be7 5. Bb2 O-O 6. Nc3 dxc4 7. bxc4 b6 8. g3 Bb7 9. Bg2 c5 10. O-O Nc6 11. Qe2 a6 12. Rfd1 Qc7 13. Rab1 Rab8 14. Ba1 Na5 15. d3 Rfd8 16. Na4 b5 17. Nb2 b4 18. Rbc1 e5 19. d4 exd4 20. exd4 Bxf3 21. Bxf3 cxd4 22. Nd3 b3 23. c5 bxa2 1/2-1/2

[Event "23rd Pirc Memorial GM 2020"]
[Site "Maribor"]
[Date "2020.08.14"]
[Round "7.5"]
[White "Subelj, Jan"]
[Black "Mikhalchishin, Adrian"]
[Result "1/2-1/2"]
[ECO "C42"]
[WhiteElo "2408"]
[BlackElo "2458"]
[Annotator "ChessBase"]
[PlyCount "56"]
[EventDate "2020.08.10"]
[EventType "tourn"]
[EventCountry "SLO"]
[SourceTitle "playchess.com"]
[Source "ChessBase"]
[SourceQuality "1"]
[TimeControl "40/5400+30:1800+30"]

1. e4 e5 2. Nf3 Nf6 3. Nxe5 d6 4. Nf3 Nxe4 5. Qe2 Qe7 6. d3 Nf6 7. Bg5 Nbd7 8. Nc3 Qxe2+ 9. Bxe2 h6 10. Bh4 c6 11. O-O-O d5 12. Rhe1 Bd6 13. Bf1+ Kd8 14. d4 Bf4+ 15. Kb1 g5 16. Bg3 Bxg3 17. hxg3 Ng4 18. Rd2 Re8 19. b3 Nf8 20. Na4 Bf5 21. Rxe8+ Kxe8 22. Nc5 b6 23. Bd3 Bxd3 24. Nxd3 Ng6 25. Re2+ Kd7 26. Nfe5+ N4xe5 27. Nxe5+ Nxe5 28. Rxe5 f6 1/2-1/2

[Event "23rd Pirc Memorial GM 2020"]
[Site "Maribor"]
[Date "2020.08.16"]
[Round "9.1"]
[White "Morgunov, Marc"]
[Black "Mohr, Georg"]
[Result "1/2-1/2"]
[ECO "C07"]
[WhiteElo "2341"]
[BlackElo "2434"]
[Annotator "ChessBase"]
[PlyCount "68"]
[EventDate "2020.08.10"]
[EventType "tourn"]
[EventCountry "SLO"]
[SourceTitle "playchess.com"]
[Source "ChessBase"]
[SourceQuality "1"]
[TimeControl "40/5400+30:1800+30"]

1. e4 e6 2. d4 d5 3. Nd2 c5 4. Ngf3 cxd4 5. Nxd4 Nc6 6. Bb5 Bd7 7. Nxc6 Bxc6 8. Bxc6+ bxc6 9. O-O Nf6 10. Qe2 Be7 11. b3 O-O 12. Bb2 a5 13. e5 Nd7 14. a4 Qb6 15. Kh1 Qa6 16. Qd1 Rae8 17. f4 f6 18. exf6 Bxf6 19. Bxf6 Nxf6 20. Nf3 Nd7 21. Nd4 e5 22. fxe5 Nxe5 23. Rxf8+ Rxf8 24. c4 c5 25. Nf3 Qd6 26. Nxe5 Qxe5 27. Qxd5+ Qxd5 28. cxd5 Rb8 29. Kg1 Rxb3 30. Rc1 Rb4 31. Rxc5 Rxa4 32. Rc8+ Kf7 33. Rc7+ Kf6 34. d6 Rd4 1/2-1/2